Map: Dämmertürme

Players

Crowdsalat

  • Race: Zerg Zerg
  • League: Platinum
  • Spawn Location: 7:00

K.I.-1 (Sehr leicht) - Winner!

  • Race: Zerg Zerg
  • Spawn Location: 1:00

VOD

Have the link to the VOD?

Description

F3nner's Extractors Bandit

Time

  • Played on: Nov. 26, 2015, 4:48 p.m.
  • Length: 3:08
Show
View Real Time Build Order
Export as new Build Order

Crowdsalat Zerg 

Build Orders: Hatch First 

Get SALT Encoding   

  12  0:01  Drone  
  13  0:07  Drone  
  14  0:22  Drone, Extractor  
  15  0:38  Hatchery  
  14  0:43  Extractor  
  14  0:44  Drone  
  15  0:58  Spawning Pool  
  14  1:06  Extractor  
  14  1:08  Drone, Extractor  
  14  1:09  Drone  
  16  1:12  Overlord  
  16  1:30  Drone  
  16  1:31  Drone  
  18  1:50  Queen x2  
  18  1:53  Drone x3  
  25  2:00  Overlord  
  25  2:07  Drone  
  26  2:13  Drone x2  
  28  2:25  Queen  
  28  2:28  Queen  
  32  2:32  Drone x2  
  32  2:36  Overlord  
  34  2:38  Overlord  
  34  2:44  Extractor  
  34  2:47  Drone x2  
  35  2:54  Drone  
Show
View Real Time Build Order
Export as new Build Order

K.I.-1 (Sehr leicht) Zerg - Winner!

Build Orders: Pool Only 

Get SALT Encoding   

  12  0:00  Drone  
  13  0:12  Overlord  
  13  0:17  Drone  
  14  0:35  Spawning Pool  
  13  0:36  Extractor  
  13  0:39  Drone  
  13  0:46  Drone  
  14  0:52  Overlord  
  14  1:22  Zergling x2  
  14  1:23  Queen  
  17  1:30  Roach Warren  
  16  1:34  Drone  
  16  1:37  Extractor  
  16  1:41  Drone  
  17  1:50  Zergling x2  
  18  2:01  Drone  
  19  2:08  Drone  
  20  2:17  Drone  
  20  2:18  Zergling x2  
  22  2:27  Overlord  
  22  2:30  Drone  
  23  2:37  Drone  
  24  2:45  Drone  
  24  2:46  Roach  
Tags
 
League
Platinum
Matchup
ZvZ
Race
Zerg
Spawn Locations
Cross Positions
Add a new tag
Caveats
  • Supply blocks, unpowered buildings, or Contaminate may cause inaccurate times.
  • Supply counts are checked every 10 seconds.